 Dungeon Crawl Stone Soup version 0.30-a0-636-g200c5c4a83 (webtiles) character file.

Game seed: 16788633702649571255

79 Gargoyl the Trooper (level 4, -1/29 HPs)
             Began as a Gargoyle Berserker on Jan 15, 2023.
             Was a Believer of Trog.
             Killed from afar by a white imp (13 damage)
             ... with a puff of frost
             ... summoned by Natasha
             ... on level 2 of the Dungeon.
             The game lasted 00:01:35 (1076 turns).

Gargoyl the Trooper (Gargoyle Berserker)            Turns: 1076, Time: 00:01:36

Health: -1/29      AC:  5    Str: 20    XL:     4   Next: 37%
Magic:  4/4        EV: 12    Int:  8    God:    Trog [**....]
Gold:   44         SH:  0    Dex: 11    Spells: 3/3 levels left

rFire   . . .      SeeInvis .    f - +1 whip (flame)
rCold   . . .      Faith    .    (no shield)
rNeg    + . .      Spirit   .    b - +0 animal skin
rPois   ∞          Reflect  .    (no helmet)
rElec   +          Harm     .    (no cloak)
rCorr   .          Rampage  .    (no gloves)
Will    .....                    (no boots)
Stlth   +                        (no amulet)
HPRegen 0.24/turn                (no ring)
MPRegen 0.09/turn                (no ring)

@: no status effects
A: sickness immunity, AC +3, negative energy resistance 1, electricity
resistance, torment resistance 1, petrification resistance
a: Renounce Religion, Berserk, Trog's Hand


You were on level 2 of the Dungeon.
You worshipped Trog.
Trog was pleased with you.
You visited 1 branch of the dungeon, and saw 2 of its levels.

You collected 44 gold pieces.

Inventory:

Hand Weapons
 a - a +0 hand axe
 f - a +1 whip of flaming (weapon)
Armour
 b - a +0 animal skin (worn)
Scrolls
 c - a scroll of immolation {unknown}
Potions
 d - a potion of berserk rage {unknown}
 e - a potion of mutation {unknown}


   Skills:
 + Level 4.2 Fighting
 + Level 3.7 Axes
 + Level 0.1(2.4) Maces & Flails
 + Level 2.2 Armour
 + Level 1.9 Dodging
 + Level 0.1 Stealth


You had 3 spell levels left.
You didn't know any spells.
Your spell library was empty.

Dungeon Overview and Level Annotations

Branches:
Dungeon (2/15)

Altars:

Annotations:
D:2 Natasha


Innate Abilities, Weirdness & Mutations

You are immune to sickness and miasma.
Your stone body is resilient. (AC +3)
You are immune to poison.
You resist negative energy. (rN+)
You are resistant to electric shocks. (rElec)
You are resistant to unholy torment.
You are immune to petrification.


Message History

Natasha hisses angrily.
The adder misses you. The goblin misses you.
You hit the adder. You burn the adder.
You kill the adder!
Trog accepts your kill. The goblin hits you with a +0 dagger.
You hit the goblin. You burn the goblin.
You kill the goblin!
Trog accepts your kill.
A bat comes into view.
You see here an adder corpse.
Natasha claws you.
You closely miss Natasha. The bat closely misses you.
Natasha barely misses you.
You hit Natasha. You burn Natasha.
Natasha is heavily wounded.
The bat closely misses you. Natasha barely misses you.
You hit Natasha. You burn Natasha.
Natasha is almost dead.
The bat barely misses you.
Natasha casts a spell.
You barely miss Natasha.
Natasha is almost dead.
The bat hits you but does no damage. x2
Natasha casts a spell at you. You resist with some effort.
You barely miss Natasha.
Natasha is almost dead.
The endoplasm quivers.
The bat misses you.
Natasha stares at you and mumbles some strange words.
The magic dart hits you!
You hit Natasha but do no damage.
Natasha is almost dead.
The bat closely misses you. The bat barely misses you. Natasha claws you!
You barely miss Natasha.
Natasha is almost dead.
The white imp gestures at you. The puff of frost hits you!
You die...

.... .##.
...#.....
...#...# .
#J....## #.
#..#...... #..##
#..........
#...##5h##......
##.!.@..#.......
#...)b#.#.#....
.#..###.#.....#.#
..(.........###.#
...###..........#
#.......#..###
#.#####....######
... #..........
.#### #.#.....###


You could see Natasha, a white imp (summoned), an endoplasm and a bat.

Vanquished Creatures
  Natasha (D:2)
  An adder (D:2)
  7 endoplasms (D:1)
  2 giant cockroaches (D:1)
  A hobgoblin (D:1)
  7 jackals
  A quokka (D:1)
  3 ball pythons (D:1)
  5 bats
  A frilled lizard (D:1)
  4 goblins
  5 kobolds (D:1)
  A rat (D:1)
39 creatures vanquished.

Notes
Turn   | Place    | Note
-------+----------+-------------------------------------------
     0 | D:1      | Gargoyl the Gargoyle Berserker began the quest for the Orb.
     0 | D:1      | Reached XP level 1. HP: 14/14 MP: 1/1
   158 | D:1      | Reached XP level 2. HP: 19/19 MP: 2/2
   250 | D:1      | Reached skill level 4 in Fighting
   387 | D:1      | Reached ** piety under Trog
   388 | D:1      | Reached XP level 3. HP: 23/24 MP: 3/3
   653 | D:1      | Found a faded altar of an unknown god.
  1006 | D:2      | Noticed Natasha
  1027 | D:2      | Killed Natasha
  1028 | D:2      | Reached XP level 4. HP: 19/29 MP: 4/4
  1059 | D:2      | Noticed Natasha
  1076 | D:2      | Killed from afar by a white imp

Illustrated notes

Levels and vault maps discovered:
D:1:      dpeg_arrival_lava_temple_mockup, layout_loops_ring,
          dreamdust_ecumenical_altar_hidden_monk_grotto
D:2:      layout_rooms, uniq_robin, uniq_natasha, uniq_terence

Skill      XL: |  1  2 |
---------------+-------+-----
Fighting       | 4 |  4.2
Axes           | 3 |  3.7
Maces & Flails | |  0.1
Armour         | |  2.2
Dodging        | |  1.9
Stealth        | |  0.1

Action                   |  1- 3 |  4- 6 || total
-------------------------+-------+-------++-------
Melee: Hand axe          |    88 |       ||    88
       Whip              |     5 |    22 ||    27
Invok: Trog's Hand       |     1 |       ||     1
Armor: Animal skin       |    55 |    14 ||    69
Dodge: Dodged            |   106 |    32 ||   138

Table legend: (Time is in decaauts)
 A = Elapsed time spent in this place.
 B = Non-inter-level travel time spent in this place.
 C = Inter-level travel time spent in this place.
 D = Time resting spent in this place.
 E = Time spent auto-exploring this place.
 F = Levels seen in this place.
 G = Mean time per level.
                   A        B        C        D        E       F      G
               +--------+--------+--------+--------+--------+-----+--------+
         Total |   1089 |   1047 |     42 |      0 |    744 |   2 |  544.5 |
       Dungeon |   1089 |   1047 |     42 |      0 |    744 |   2 |  544.5 |
               +--------+--------+--------+--------+--------+-----+--------+

Top non-repeatable levels by time:
     D:1: 1028 daAuts
     D:2: 61 daAuts
